[Event "*** Titled Tuesday Blitz"]
[Site "Chess.com"]
[Date "2019.10.01"]
[Round "4"]
[White "boasovietica"]
[Black "ThePunisherxx"]
[Result "0-1"]
[WhiteElo "2422"]
[BlackElo "2647"]
[TimeControl "180+2"]
[EndTime "13:54:38 PDT"]
[Termination "ThePunisherxx won by resignation"]

1. Nf3 d5 2. c4 e6 3. e3 Nf6 4. Nc3 Be7 5. Qc2 O-O 6. b3 c5 7.
Bb2 b6 8. Bd3 Nc6 9. a3 Bb7 10.
O-O-O d4 11. Ne4 Nxe4 12. Bxe4 f5 13. Bxc6 Bxc6 14. exd4 Bxf3 15. gxf3 cxd4 16. Rde1 Qd6 17. Qd3 Bf6 18. Kb1 a5 19. h4 Rfe8 20. Re2 Qf4 21. h5 e5 22. h6 g6 23. c5 bxc5 24. Qc4+ Kh8 25. d3 Qxf3 26. Rhe1 Qc6 27. f4 e4 28. dxe4 fxe4 29. f5 gxf5 30. Rg2 Rac8 31. Reg1 Qe6 32. Rg8+ Qxg8 33. Rxg8+ Rxg8 34. Qe6 Rgf8 35. Qxf5 e3 36. b4 e2 37. Qf2 Rce8 38. Qe1 0-1

[Event "*** Titled Tuesday Blitz"]
[Site "Chess.com"]
[Date "2019.10.01"]
[Round "4"]
[White "Blackmind96"]
[Black "JSPrepz"]
[Result "1-0"]
[WhiteElo "2693"]
[BlackElo "2824"]
[TimeControl "180+2"]
[EndTime "13:54:41 PDT"]
[Termination "Blackmind96 won on time"]

1. d4 Nf6 2. c4 c5 3. Nf3 cxd4 4. Nxd4 e5 5. Nc2 d5 6. cxd5 Qxd5 7. Qxd5 Nxd5 8. e4 Nb4 9. Nxb4 Bxb4+ 10. Bd2 Nc6 11. Bb5 Bd7 12. Bxc6 Bxd2+ 13. Nxd2 Bxc6 14. Nc4 f6 15. f3 O-O-O 16. Rd1 Rxd1+ 17. Kxd1 Rd8+ 18. Kc1 Rd4 19. Ne3 Rd3 20. Nc2 Bb5 21. Rd1 Kd7 22. Rxd3+ Bxd3 23. Kd2 Bc4 24. b3 Be6 25. Kc3 g6 26. Ne3 Kc6 27. a3 Bf7 28. Ng4 Kd6 29. Nxf6 h5 30. Nh7 Be8 31. Ng5 Bb5 32. g3 Be2 33.
Nf7+ Ke6 34. Ng5+ Kd6 35. Kd2 Ba6 36. f4 b6 37. Nf7+ Ke6 38. Nxe5 g5 39. Ke3 Bb5 40. Nf3 g4 41. Nd4+ Kd6 42. Nxb5+ Ke6 43. Nxa7 Kd6 44.
Nc8+ Ke6 45. Nxb6 Kd6 46. a4 Ke6 47. a5 Kd6 48. a6 Ke6 49. a7 Kd6 50. a8=Q Kc5 51.
Qd5+ Kb4 52. e5 Ka3 53. e6 Kb4 54. e7 Ka3 55. e8=Q Kb2 56. Qa4 h4 57. Qd2+ 1-0

[Event "*** Titled Tuesday Blitz"]
[Site "Chess.com"]
[Date "2019.10.01"]
[Round "4"]
[White "PotapovaM"]
[Black "H3nriqueTV"]
[Result "0-1"]
[WhiteElo "2423"]
[BlackElo "2162"]
[TimeControl "180+2"]
[EndTime "13:54:41 PDT"]
[Termination "H3nriqueTV won by resignation"]

1. d4 d5 2. c4 c6 3. Nc3 Nf6 4. cxd5 cxd5 5. Bf4 a6 6. e3 Nc6 7. Bd3 e6 8. Rc1 Be7 9. Nf3 O-O 10. h3 Bd7 11.
O-O b5 12. Ne5 Rc8 13. a4 b4 14. Nxd7 Qxd7 15. Nb1 Na5 16. Rxc8 Qxc8 17. Nd2 Nc4 18. Qe2 Nxb2 19. Bxa6 Qc2 20. Bb5 Nxa4 21. Bd3 Nc3 22. Bxc2 Nxe2+ 23. Kh2 Nxf4 24. exf4 Rc8 25. Bb3 g6 26. Rb1 Rc3 27. Nf3 Ne4 28. Kg1 Bf6 29. Ba4 Be7 30. Bb3 Bd6 31. Ne5 Nd2 32. Rb2 Nxb3 33. Nd7 Kg7 34. Nb6 Nxd4 35. Na4 Rc1+ 36.
Kh2 Bxf4+ 37. g3 Bd6 38. Nb6 Nf3+ 39. Kg2 Ne1+ 40. Kh2 Rc2 41. Rb1 Nd3 42. Nd7 Rxf2+ 43. Kg1 Rd2 44. Nb6 Bc5+ 45. Kh1 Bxb6 0-1

[Event "*** Titled Tuesday Blitz"]
[Site "Chess.com"]
[Date "2019.10.01"]
[Round "4"]
[White "jorquerino"]
[Black "Alopekos"]
[Result "0-1"]
[WhiteElo "2341"]
[BlackElo "2513"]
[TimeControl "180+2"]
[EndTime "13:54:46 PDT"]
[Termination "Alopekos won by resignation"]

1. e4 c5 2. Nc3 a6 3. a4 Nc6 4. g3 g6 5. d3 Bg7 6. Bg2 d6 7. Be3 Nf6 8. h3 Rb8 9. Qd2 b5 10. axb5 axb5 11. Nge2 b4 12. Nd1 O-O 13. O-O e5 14. f4 Nd4 15. fxe5 dxe5 16. Bg5 Rb6 17. b3 h6 18. Be3 Kh7 19. Nb2 Nh5 20. Kh2 Be6 21.
Nxd4 exd4 22. Bf2 Be5 23. Bf3 Qh4 24. Qe1 Qxh3+ 0-1

[Event "*** Titled Tuesday Blitz"]
[Site "Chess.com"]
[Date "2019.10.01"]
[Round "4"]
[White "novocane"]
[Black "sergeikim"]
[Result "1-0"]
[WhiteElo "2303"]
[BlackElo "2476"]
[TimeControl "180+2"]
[EndTime "13:54:46 PDT"]
[Termination "novocane won by resignation"]

1. d4 Nf6 2. c4 g6 3. Nc3 Bg7 4. e4 d6 5. f3 O-O 6. Bg5 Nbd7 7. Qd2 c5 8. d5 a6 9. a4 Qa5 10. Ra3 Qb4 11. Qc2 Ne5 12. Rb3 Qa5 13.
f4 Neg4 14. Qd2 e6 15. h3 exd5 16. hxg4 d4 17. Bxf6 Bxf6 18. Nd5 Qd8 19. Rbh3 Bxg4 20. Rxh7 Bg7 21. f5 Bh5 22. Rxg7+ Kxg7 23. f6+ Kh7 24. Rxh5+ gxh5 25. Qg5 Qa5+ 26. Ke2 1-0

[Event "*** Titled Tuesday Blitz"]
[Site "Chess.com"]
[Date "2019.10.01"]
[Round "4"]
[White "parmupill123"]
[Black "Korchmar_Vasiliy"]
[Result "0-1"]
[WhiteElo "2509"]
[BlackElo "2672"]
[TimeControl "180+2"]
[EndTime "13:54:47 PDT"]
[Termination "Korchmar_Vasiliy won by resignation"]

1. e4 c5 2. Nc3 d6 3. g3 g6 4. Bg2 Bg7 5. d3 Nc6 6. Be3 Rb8 7. Nge2 b5 8. Qd2 b4 9. Nd1 h5 10. h3 e6 11. O-O Nge7 12. f4 f5 13. c3 O-O 14.
Nf2 a5 15. Rad1 a4 16. d4 a3 17. dxc5 dxc5 18. e5 Qxd2 19. Rxd2 Ba6 20. Rc1 Rfd8 21.
Rdc2 c4 22. bxa3 b3 23. axb3 cxb3 24. Rb2 Na5 25. Bc5 Nd5 26. Nd4 h4 27. Kh2 hxg3+ 28.
Kxg3 Kf7 29. Bb4 Nc4 30. Rxb3 Nxf4 31. Nc6 Ne2+ 32. Kh2 Nxc1 33. Rb1 Ne2 34. Nxb8 Bxe5+ 35. Kh1 Ng3+ 36. Kg1 Ne2+ 37. Kf1 Nd2+ 0-1

[Event "*** Titled Tuesday Blitz"]
[Site "Chess.com"]
[Date "2019.10.01"]
[Round "4"]
[White "Witik"]
[Black "KL31"]
[Result "1-0"]
[WhiteElo "2645"]
[BlackElo "2416"]
[TimeControl "180+2"]
[EndTime "13:54:49 PDT"]
[Termination "Witik won by resignation"]

1. d4 Nf6 2. Bf4 e6 3. e3 d5 4.
Nd2 Bd6 5. Bg3 O-O 6. Ngf3 c5 7. c3 b6 8. Be2 Bb7 9. Qc2 Ne4 10. Nxe4 dxe4 11.
Nd2 f5 12. Nc4 Bxg3 13. hxg3 Nc6 14. g4 cxd4 15. exd4 Rc8 16. gxf5 exf5 17. O-O-O b5 18. Ne3 Qa5 19. Kb1 h6 20. g4 f4 21. Nf5 Nb4 22. Qb3+ Nd5 23. Ne7+ Kh7 24. Nxd5 Bxd5 25. Qxd5 Rxc3 26.
Qxe4+ 1-0

[Event "*** Titled Tuesday Blitz"]
[Site "Chess.com"]
[Date "2019.10.01"]
[Round "4"]
[White "Gr3egor"]
[Black "GHANDEEVAM2003"]
[Result "1-0"]
[WhiteElo "2625"]
[BlackElo "2971"]
[TimeControl "180+2"]
[EndTime "13:54:53 PDT"]
[Termination "Gr3egor won by resignation"]

1. d4 e6 2. c4 d5 3. Nc3 c6 4. e4 dxe4 5. Nxe4 Bb4+ 6. Bd2 Qxd4 7. Bxb4 Qxe4+ 8. Ne2 Na6 9. Bf8 Qe5 10. Qd2 Bd7 11. Bd6 Qe4 12. O-O-O O-O-O 13. Nc3 Qg6 14. Qe3 b6 15. c5 b5 16. a4 Nb4 17. Bd3 Nxd3+ 18.
Rxd3 Nh6 19. axb5 Nf5 20. Qf3 Nh4 21. Qd1 Qxg2 22. Rg1 Qxf2 23. Rf1 Qg2 24. Rg3 Qxh2 25. Qa4 Rdg8 26. bxc6 Nf5 27. cxd7+ Kd8 28. Qa5+ Kxd7 29. Qc7+ 1-0

[Event "*** Titled Tuesday Blitz"]
[Site "Chess.com"]
[Date "2019.10.01"]
[Round "4"]
[White "13MiRacLe"]
[Black "filali-marouan"]
[Result "1-0"]
[WhiteElo "2507"]
[BlackElo "2327"]
[TimeControl "180+2"]
[EndTime "13:54:53 PDT"]
[Termination "13MiRacLe won on time"]

1. e4 c6 2. d4 d5 3. Nc3 dxe4 4. Nxe4 Nf6 5. Nxf6+ exf6 6. c3 Bd6 7. Bd3 O-O 8. Qc2 g6 9. h4 Re8+ 10. Ne2 Nd7 11.
h5 Nf8 12. hxg6 fxg6 13. Bh6 Be6 14. O-O-O Qc7 15. g3 Rad8 16. Kb1 c5 17. Nf4 Bg4 18. Qb3+ Ne6 19. f3 c4 20. Bxc4 Bf5+ 21. Ka1 Bxf4 22. Bxf4 Qb6 23. g4 Kh8 24. Bc1 Qxb3 25. Bxb3 1-0

[Event "*** Titled Tuesday Blitz"]
[Site "Chess.com"]
[Date "2019.10.01"]
[Round "4"]
[White "IvanRadivojevic"]
[Black "XDPS"]
[Result "0-1"]
[WhiteElo "2396"]
[BlackElo "2772"]
[TimeControl "180+2"]
[EndTime "13:55:00 PDT"]
[Termination "XDPS won by resignation"]

1. e4 e5 2. Nf3 Nc6 3. Bc4 Nf6 4. d3 Bc5 5. O-O O-O 6. c3 d6 7. Nbd2 a5 8. a4 h6 9. Re1 Ng4 10. Re2 Kh8 11. h3 Nxf2 12. Rxf2 f5 13. Nf1 fxe4 14. dxe4 Bxf2+ 15. Kxf2 Qh4+ 16. Kg1 Qxe4 17. Bd5 Qf5 18. Ng3 Qg6 19. Kh2 Ne7 20. Be4 Qe6 21. Nh4 d5 22. Bf3 e4 23. Bg4 Qd6 24. c4 d4 25. Bxc8 Raxc8 26. Bd2 e3 27. Be1 c5 28. Qg4 Rf4 29.
Qh5 b6 30. Kg1 Rcf8 31. Nf3 Nf5 32. Ne2 g6 33. Nxf4 gxh5 34. Nxh5 d3 35. Bc3+ Nd4 36.
Re1 Rxf3 37. gxf3 d2 0-1

[Event "*** Titled Tuesday Blitz"]
[Site "Chess.com"]
[Date "2019.10.01"]
[Round "4"]
[White "Dhaydon19"]
[Black "VincentKeymer"]
[Result "0-1"]
[WhiteElo "2681"]
[BlackElo "2628"]
[TimeControl "180+2"]
[EndTime "13:55:03 PDT"]
[Termination "VincentKeymer won by resignation"]

1. e4 c5 2. Nf3 e6 3. d4 cxd4 4. Nxd4 a6 5. Bd3 Nf6 6. Nd2 d6 7. c4 Be7 8. O-O O-O 9. b3 Nc6 10. Bb2 Nxd4 11. Bxd4 e5 12. Bb2 Bg4 13. f3 Be6 14.
Re1 Qb6+ 15. Kh1 Nd7 16. Nf1 Bg5 17. Bc1 Bxc1 18. Rxc1 a5 19. Ne3 Nc5 20. Bc2 Rfd8 21. Qd2 a4 22. b4 Na6 23. a3 Nb8 24. Red1 Nc6 25. Bd3 Nd4 26. Rc3 Rac8 27. Nd5 Bxd5 28. exd5 Qc7 29. Qb2 Qe7 30. Rdc1 b6 31. Bc2 Qe8 32.
Bd3 f5 33. c5 bxc5 34. bxc5 dxc5 35. Rxc5 Rxc5 36. Rxc5 Rb8 37. Qc3 e4 38. fxe4 fxe4 39. Bc2 e3 40. h3 Nxc2 0-1

[Event "*** Titled Tuesday Blitz"]
[Site "Chess.com"]
[Date "2019.10.01"]
[Round "4"]
[White "RU_B9"]
[Black "tteshan"]
[Result "0-1"]
[WhiteElo "1750"]
[BlackElo "2261"]
[TimeControl "180+2"]
[EndTime "13:55:03 PDT"]
[Termination "tteshan won on time"]

1. Nf3 Nf6 2. c4 g6 3. Nc3 Bg7 4. e4 d6 5. d4 O-O 6. Be2 e5 7.
d5 a5 8. O-O Na6 9. Bg5 h6 10.
Bh4 Nc5 11. Nd2 Qe8 12. f3 h5 13. Rb1 Nh7 14. b3 Bh6 15. a3 f5 16. b4 axb4 17.
axb4 Na6 18. c5 dxc5 19. Bb5 Bd7 20. Bxa6 Rxa6 21. bxc5 g5 22. Bf2 g4 23. Rxb7 Rg6 24. Kh1 f4 25. Rxc7 g3 26. Bg1 gxh2 27. Bf2 Qd8 28.
d6 Qg5 29. g3 fxg3 30. Rxd7 gxf2 31. Qb3+ Kh8 0-1

[Event "*** Titled Tuesday Blitz"]
[Site "Chess.com"]
[Date "2019.10.01"]
[Round "4"]
[White "ural58"]
[Black "vlad10898"]
[Result "0-1"]
[WhiteElo "2388"]
[BlackElo "2642"]
[TimeControl "180+2"]
[EndTime "13:55:04 PDT"]
[Termination "vlad10898 won by resignation"]

1. Nc3 c5 2. Nf3 a6 3. g3 b5 4. a4 b4 5. Ne4 e6 6. d3 d5 7. Ned2 Nf6 8. Bg2 Be7 9. O-O O-O 10. e4 Nc6 11. Qe2 a5 12. exd5 exd5 13. Re1 Bd6 14. Nb3 h6 15. Bd2 Ba6 16. Qd1 Qb6 17. Nh4 Bc8 18.
Be3 Be6 19. Qd2 Ng4 20. Bf4 Bxf4 21. gxf4 c4 22. f5 cxb3 23. fxe6 fxe6 24. Re2 Nd4 25. Re3 Nxc2 26. Rae1 Ngxe3 27. fxe3 Nxe1 28. Qxe1 Rf6 29. h3 Raf8 30. Kh2 Qc7+ 31. Kh1 Qc2 32. Qg3 Qxb2 33. Ng6 Qc1+ 34. Kh2 b2 0-1

[Event "*** Titled Tuesday Blitz"]
[Site "Chess.com"]
[Date "2019.10.01"]
[Round "4"]
[White "Misha_Bilous"]
[Black "alishersuleymenov"]
[Result "0-1"]
[WhiteElo "2516"]
[BlackElo "2705"]
[TimeControl "180+2"]
[EndTime "13:55:06 PDT"]
[Termination "alishersuleymenov won on time"]

1. d4 Nf6 2. c4 e5 3. dxe5 Ng4 4. Bf4 g5 5. Bg3 Bg7 6. Nf3 Nc6 7. Nc3 Ngxe5 8. Nxe5 Nxe5 9. e3 d6 10. h4 g4 11. h5 h6 12. Be2 f5 13. Qd2 Be6 14. b3 Qf6 15. Rc1 Qf7 16. Nd5 O-O 17. Nf4 Rad8 18. O-O Bf6 19. Rfd1 Bc8 20. Qd5 c6 21. Qxf7+ Kxf7 22. Rd2 Rg8 23. Rcd1 Be7 24. Bd3 a5 25. Bc2 Rge8 26. e4 fxe4 27. Bxe4 Bg5 28. Rxd6 Rxd6 29. Rxd6 Kg7 30. Bc2 Nf7 31. Rg6+ Kf8 32.
Nd3 Re2 33. Bb1 Rd2 0-1

[Event "*** Titled Tuesday Blitz"]
[Site "Chess.com"]
[Date "2019.10.01"]
[Round "4"]
[White "Jospem"]
[Black "Rsnr"]
[Result "1-0"]
[WhiteElo "2881"]
[BlackElo "2767"]
[TimeControl "180+2"]
[EndTime "13:55:08 PDT"]
[Termination "Jospem won by resignation"]

1. c4 c6 2. Nf3 d5 3. g3 Nf6 4. Bg2 Bf5 5. cxd5 cxd5 6. Qb3 Nc6 7. O-O Rb8 8. d3 e6 9. Nc3 a6 10. Bg5 Be7 11. Rfd1 d4 12. Bxf6 Bxf6 13. Na4 O-O 14. Rac1 Be7 15. a3 e5 16. Nc5 Bxc5 17. Rxc5 Be6 18.
Qc2 Qd6 19. Nd2 Bd7 20. b4 Rfc8 21. Nc4 Qe7 22. Nb6 Rd8 23. Nxd7 Qxd7 24. Bxc6 bxc6 25. Rxc6 a5 26. bxa5 Rb5 27. a6 Ra5 28. a4 h6 29.
Rb1 Qd5 30. f3 Kh7 31. Rbb6 Ra8 32. Kg2 h5 33. h4 Ra7 34. Qd2 Ra8 35. Qg5 g6 36.
Rxg6 1-0

[Event "*** Titled Tuesday Blitz"]
[Site "Chess.com"]
[Date "2019.10.01"]
[Round "4"]
[White "VladDobrov"]
[Black "ckgchess"]
[Result "1-0"]
[WhiteElo "2954"]
[BlackElo "2710"]
[TimeControl "180+2"]
[EndTime "13:55:10 PDT"]
[Termination "VladDobrov won by resignation"]

1. d4 Nf6 2. c4 g6 3. g3 c6 4. Bg2 d5 5. e3 Bg7 6. Ne2 O-O 7. O-O dxc4 8. Na3 Be6 9. Qc2 Bd5 10. e4 Be6 11. Nxc4 Na6 12. a3 Qc8 13. Rd1 Bh3 14. Bh1 Rd8 15. Nf4 Bg4 16. f3 Bd7 17.
Be3 Nc7 18. Rac1 Ne6 19. Nd3 Be8 20. Nf2 b6 21. Ne5 c5 22. d5 Nd4 23. Bxd4 cxd4 24. Qd3 Qb7 25. f4 Rac8 26. Nf3 Rxc1 27. Rxc1 Nd7 28. b4 e6 29. Nxd4 exd5 30. e5 Nf8 31.
Ng4 Ne6 32. Ne3 Nxd4 33. Qxd4 Bc6 34. Bf3 a5 35. Kg2 axb4 36. axb4 h5 37. h4 Qd7 38.
Rc2 Qb7 39. Rd2 Bf8 40. f5 Qe7 41. b5 Ba8 42. fxg6 fxg6 43. Bxd5+ Bxd5+ 44. Nxd5 Qb7 45. Kh2 Kh8 46. e6+ Bg7 47. Qe4 Kh7 48. Nf6+ Kh6 49. Qf4+ 1-0

[Event "*** Titled Tuesday Blitz"]
[Site "Chess.com"]
[Date "2019.10.01"]
[Round "4"]
[White "Bigfish1995"]
[Black "cherryandmint"]
[Result "1-0"]
[WhiteElo "2990"]
[BlackElo "2761"]
[TimeControl "180+2"]
[EndTime "13:55:11 PDT"]
[Termination "Bigfish1995 won by resignation"]

1. e4 e5 2. Nf3 Nc6 3. Bb5 a6 4. Ba4 Nf6 5. O-O Nxe4 6. d4 b5 7. Bb3 d5 8. dxe5 Be6 9. c3 Be7 10. Bc2 Bg4 11. Qe1 Nc5 12. Nd4 Nxd4 13. cxd4 Ne6 14.
Be3 c5 15. Qd2 Rc8 16. Bb3 cxd4 17. Bxd4 O-O 18. Nc3 b4 19. Nxd5 Bc5 20. Bxc5 Rxc5 21. Qxb4 Bh5 22. Nf4 Rxe5 23. Nxh5 Rxh5 24. Rad1 Qc7 25.
Qd6 Qxd6 26. Rxd6 Nc5 27. Bc4 a5 28. Re1 Rb8 29. Rb6 Rd8 30. Rb5 a4 31. g4 Rg5 32.
h3 Ne4 33. Rxe4 1-0

[Event "*** Titled Tuesday Blitz"]
[Site "Chess.com"]
[Date "2019.10.01"]
[Round "4"]
[White "Zhuu96"]
[Black "doons21"]
[Result "1-0"]
[WhiteElo "2964"]
[BlackElo "2609"]
[TimeControl "180+2"]
[EndTime "13:55:13 PDT"]
[Termination "Zhuu96 won by resignation"]

1. Nf3 Nf6 2. c4 g6 3. Nc3 Bg7 4. e4 d6 5. d4 O-O 6. Be2 Qe8 7. O-O e5 8. dxe5 dxe5 9. Nd5 Na6 10. Bg5 Qe6 11. Bxf6 Bxf6 12. c5 c6 13. Nxf6+ Qxf6 14. Bxa6 bxa6 15. Qd6 Qxd6 16. cxd6 Rd8 17. Rfd1 f6 18. Rac1 Bd7 19. Nd2 Rab8 20. b3 Kf7 21. Nc4 Ke6 22. g3 g5 23. Rd3 Be8 24. Rcd1 Bd7 25.
Nb2 c5 26. Rc3 Rdc8 27. Nd3 Rb5 28. a4 Ra5 29. Nb2 c4 30. b4 Rxa4 31. Nxa4 Bxa4 32. Rd2 Bb5 33. f3 Rd8 34. Kf2 Rxd6 35. Rxd6+ Kxd6 36. Ke3 Kc6 37. Kd2 Kb6 38. Ra3 Kc6 39. Kc3 Kd6 40.
Ra2 Ke6 41. g4 Kd6 42. Rd2+ Kc7 43. h4 h6 44. hxg5 hxg5 45. Rh2 Kd6 46. Rh7 Ke6 47. Rxa7 Kd6 48. Kd2 Ke6 49. Ke3 Kd6 50. Ra8 Ke6 51. Rc8 Kd6 52. Rc5 Ke6 53. Kd2 Kd6 54. Kc3 Kd7 55.
Rd5+ Kc6 56. Rd8 Kc7 57. Rf8 1-0

[Event "*** Titled Tuesday Blitz"]
[Site "Chess.com"]
[Date "2019.10.01"]
[Round "4"]
[White "Msb2"]
[Black "Keranke"]
[Result "0-1"]
[WhiteElo "2898"]
[BlackElo "2806"]
[TimeControl "180+2"]
[EndTime "13:55:18 PDT"]
[Termination "Keranke won by checkmate"]

1. d4 Nf6 2. c4 c6 3. Nc3 d5 4. e3 Bf5 5. cxd5 cxd5 6. Qb3 Nc6 7. Qxb7 Bd7 8. Qb3 Rb8 9. Qd1 e5 10. Nf3 Bd6 11. dxe5 Nxe5 12. Nd4 O-O 13. Be2 Qe7 14. O-O Rfc8 15. a4 Neg4 16. h3 Nh2 17. Re1 Ne4 18. f4 Rxc3 19. bxc3 Qh4 20. Nf3 Nxf3+ 21. Bxf3 Qf2+ 22.
Kh1 Bf5 23. Ba3 Bxa3 24. Rxa3 Rb2 25. Ra1 Bxh3 26. Rg1 Qg3 27. Bxe4 Bg4 28. Qxg4 Qxg4 29. g3 Qh3# 0-1

[Event "*** Titled Tuesday Blitz"]
[Site "Chess.com"]
[Date "2019.10.01"]
[Round "4"]
[White "2165149677570"]
[Black "Nbk90"]
[Result "1-0"]
[WhiteElo "2306"]
[BlackElo "2480"]
[TimeControl "180+2"]
[EndTime "13:55:18 PDT"]
[Termination "2165149677570 won by resignation"]

1. e4 e5 2. Nf3 Nc6 3. Bb5 a6 4. Ba4 Nge7 5. c3 g6 6. O-O Bg7 7. d4 exd4 8. cxd4 b5 9. Bb3 O-O 10. d5 Na5 11. Bc2 c5 12. e5 d6 13. Bf4 Nc4 14. exd6 Nf5 15. Nbd2 Nxb2 16. Qc1 Nxd6 17. Bxd6 Qxd6 18. Rb1 Nc4 19. Nxc4 bxc4 20. Qd1 Bd7 21. Ba4 Bxa4 22. Qxa4 c3 23. Rfd1 Rab8 24. Rbc1 Rb2 25. Ne1 Bd4 26. Qc4 Bxf2+ 27. Kh1 Bd4 28. Nf3 Qf6 29. Nxd4 cxd4 30. Qxd4 Qg5 31. Qe4 Rc8 32.
Rf1 c2 33. d6 Rb1 34. d7 Rd8 35. Rxb1 cxb1=Q 36. Rxb1 Rxd7 37. Qe8+ Kg7 38. Qxd7 Qe5 39. Qd1 h5 40. Qb3 Kg8 41. Qb8+ 1-0

[Event "*** Titled Tuesday Blitz"]
[Site "Chess.com"]
[Date "2019.10.01"]
[Round "4"]
[White "kasparicy"]
[Black "oskariot"]
[Result "1-0"]
[WhiteElo "2416"]
[BlackElo "2700"]
[TimeControl "180+2"]
[EndTime "13:55:21 PDT"]
[Termination "kasparicy won by resignation"]

1. e4 e6 2. d4 d5 3. Nd2 c5 4. Ngf3 Nf6 5. e5 Nfd7 6. c3 Nc6 7.
Bd3 Qb6 8. O-O cxd4 9. cxd4 a5 10. h3 a4 11. Re1 Nxd4 12. Nxd4 Qxd4 13. Nf3 Qb6 14. Bg5 Bb4 15. Be3 Bc5 16. Qd2 Bxe3 17. Rxe3 Nc5 18. Bc2 Bd7 19. Rc1 Qa5 20. Qd4 Rc8 21.
Rc3 b6 22. Ng5 h6 23. Qh4 Rg8 24. Nf3 Qa7 25. Qg4 Qc7 26. Bh7 Rf8 27. Qxg7 Qd8 28. Qxh6 Qe7 29. Ng5 Kd8 30. Qg7 Kc7 31. b4 axb3 32.
axb3 Kb8 33. Nf3 Nxb3 34. Rxc8+ Rxc8 35. Rb1 Ba4 36. Qg4 Rc4 37. Qg8+ Qe8 38. Qxe8+ Bxe8 39. Rxb3 b5 40. Bd3 Rc1+ 41. Kh2 Kc7 42. Bxb5 Bxb5 43.
Rxb5 Rc2 44. Kg3 1-0

[Event "*** Titled Tuesday Blitz"]
[Site "Chess.com"]
[Date "2019.10.01"]
[Round "4"]
[White "GelmanAlexander"]
[Black "NemtsevIgor"]
[Result "1-0"]
[WhiteElo "2503"]
[BlackElo "2307"]
[TimeControl "180+2"]
[EndTime "13:55:22 PDT"]
[Termination "GelmanAlexander won by checkmate"]

1. e4 c6 2. Ne2 d5 3. e5 c5 4. b4 b6 5. Nf4 e6 6. c3 Ne7 7. d4 cxd4 8. cxd4 Ng6 9. a3 Nxf4 10. Bxf4 Be7 11. Bd3 O-O 12. Nd2 Ba6 13. b5 Bb7 14. h4 a6 15. Nf3 f5 16. Ng5 Bxg5 17. Bxg5 Qe8 18. g4 axb5 19. gxf5 exf5 20. Rg1 Kh8 21. h5 h6 22. Bxh6 gxh6 23. Rg6 Rf7 24. Qd2 Rh7 25. Ke2 Nc6 26. Qf4 Ne7 27. Rag1 Nxg6 28.
hxg6 Rg7 29. Qxh6+ Kg8 30. Bxf5 Rxa3 31. Rh1 Kf8 32.
Qh8+ Ke7 33. Qxg7+ Kd8 34. Rh8 Qxh8 35. Qd7# 1-0

[Event "*** Titled Tuesday Blitz"]
[Site "Chess.com"]
[Date "2019.10.01"]
[Round "4"]
[White "santosalberto1987"]
[Black "cool4chess"]
[Result "0-1"]
[WhiteElo "2379"]
[BlackElo "2590"]
[TimeControl "180+2"]
[EndTime "13:55:23 PDT"]
[Termination "cool4chess won by resignation"]

1. e4 c5 2. Nf3 Nc6 3. Nc3 Nf6 4. d4 cxd4 5. Nxd4 e5 6. Ndb5 d6 7. Bg5 a6 8. Na3 b5 9. Bxf6 gxf6 10. Nd5 f5 11. c3 Bg7 12. exf5 Bxf5 13. Nc2 O-O 14. Nce3 Be6 15. Bd3 f5 16. O-O Rb8 17. a4 bxa4 18.
Rxa4 a5 19. Qh5 e4 20. Bc4 Ne5 21. Ba2 Rxb2 22. Nc4 Nxc4 23. Bxc4 Kh8 24. Nf4 Bxc4 25. Rxc4 Qf6 26. Rc7 a4 27. Nd5 Qe5 28. Ne7 Qe6 29.
Ra7 a3 30. Qg5 Qf6 31. Qf4 a2 32. h4 Qxc3 33. Nxf5 Qe5 34. Qxe5 Bxe5 35. Ne3 Re2 36. Ra4 Rxe3 37. fxe3 Rxf1+ 38. Kxf1 a1=Q+ 39. Rxa1 Bxa1 40. g4 Kg7 41. Kf2 Be5 0-1

[Event "*** Titled Tuesday Blitz"]
[Site "Chess.com"]
[Date "2019.10.01"]
[Round "4"]
[White "cukus"]
[Black "Bucefal_M"]
[Result "0-1"]
[WhiteElo "2474"]
[BlackElo "2288"]
[TimeControl "180+2"]
[EndTime "13:55:31 PDT"]
[Termination "Bucefal_M won by resignation"]

1. e4 c6 2. d4 d5 3. Nd2 dxe4 4. Nxe4 Nd7 5. Ng5 Ngf6 6. Bd3 e6 7. N1f3 h6 8. Nxe6 fxe6 9. Bg6+ Ke7 10. O-O Qc7 11.
c4 Kd8 12. Re1 Bd6 13. Ne5 Bxe5 14. dxe5 Ne8 15. c5 b6 16. b4 Ba6 17. Bf4 Bc4 18. Qg4 Bd5 19. a4 bxc5 20. bxc5 Nxc5 21. Be3 Nb3 22.
Rad1 Qd7 23. Qb4 Nc7 24. Rd3 a5 25. Qa3 Rb8 26. Red1 Qe7 27. Qb2 Kc8 28. Qc3 Qb4 29. Qc2 Rd8 30. Rc3 Qxa4 31. Rf1 Qb5 32. Bd3 Qb4 33.
Rxc6 Bxc6 34. Qxc6 Rxd3 35. Qf3 a4 36. Qf7 a3 37.
Qg8+ Kb7 38. Qxg7 a2 39. h4 a1=Q 40. Rxa1 Nxa1 41. Qxh6 Rg8 42. Kh2 Qe4 43. g3 Rxe3 44.
fxe3 Qf3 0-1

[Event "*** Titled Tuesday Blitz"]
[Site "Chess.com"]
[Date "2019.10.01"]
[Round "4"]
[White "Bagirova"]
[Black "Mikhail_Golubev"]
[Result "0-1"]
[WhiteElo "2092"]
[BlackElo "2495"]
[TimeControl "180+2"]
[EndTime "13:55:33 PDT"]
[Termination "Mikhail_Golubev won by resignation"]

1. e4 c5 2. Nf3 d6 3. d4 Nf6 4. dxc5 Nxe4 5. cxd6 Nc6 6. Bd3 Nxd6 7. O-O g6 8. c3 Bg7 9. Bc2 O-O 10. Nbd2 Qc7 11. Nb3 e5 12. Be3 b6 13. h3 Bb7 14. Re1 Rad8 15. Qe2 f5 16. Bg5 Rd7 17. Rad1 f4 18.
g3 h6 19. gxf4 hxg5 20. fxe5 Nf5 21. Nxg5 Rxd1 22. Qxd1 Nxe5 23. Nd4 Nxd4 24. cxd4 Nf3+ 25. Nxf3 Bxf3 26. Bb3+ Kh8 27. Qd3 Bh5 28. Qe3 Qd8 29. Qg3 Bxd4 30. Be6 Bxf2+ 31. Qxf2 Rxf2 32. Kxf2 Qd2+ 33. Kf1 Bf3 0-1

[Event "*** Titled Tuesday Blitz"]
[Site "Chess.com"]
[Date "2019.10.01"]
[Round "4"]
[White "eljanov"]
[Black "Vlad_Lukiianchuk"]
[Result "1-0"]
[WhiteElo "2783"]
[BlackElo "2555"]
[TimeControl "180+2"]
[EndTime "13:55:34 PDT"]
[Termination "eljanov won on time"]

1. Nf3 Nf6 2. c4 e6 3. g3 d5 4. Bg2 dxc4 5. Qa4+ Bd7 6. Qxc4 Bc6 7. O-O Nbd7 8. Qc2 Be7 9. Nc3 O-O 10. d4 Bb4 11. Re1 Bxc3 12. Qxc3 Qe7 13. b3 Rfd8 14. a4 Rac8 15. Ba3 Qe8 16. Rac1 Be4 17. Bh3 Nd5 18. Qa5 b6 19. Qd2 Bxf3 20. exf3 N7f6 21. f4 Qd7 22.
Re5 Ne7 23. Rce1 Nf5 24. d5 Nxd5 25. Bxf5 exf5 26. Rxd5 Qxd5 27. Re8+ Rxe8 28. Qxd5 g6 29. Qb7 Rcd8 30. Qxc7 Rd2 31. Qxa7 h5 32. h4 Re6 33. a5 bxa5 34. Qxa5 Ree2 35. Bc5 Ra2 36. Qd8+ Kh7 37. Qf8 Rad2 38. Qxf7+ Kh8 39. Bd4+ 1-0

[Event "*** Titled Tuesday Blitz"]
[Site "Chess.com"]
[Date "2019.10.01"]
[Round "4"]
[White "WorldChampionBulletChess"]
[Black "malandragem"]
[Result "0-1"]
[WhiteElo "2092"]
[BlackElo "2309"]
[TimeControl "180+2"]
[EndTime "13:55:35 PDT"]
[Termination "malandragem won by resignation"]

1. d4 Nf6 2. c4 g6 3. Nc3 Bg7 4. b3 O-O 5. Bb2 d6 6. f3 c5 7. dxc5 dxc5 8. Qc2 Nc6 9. Rd1 Bd7 10. e3 Qc8 11. a3 Rd8 12. Bd3 e5 13. Nge2 Bf5 14.
O-O Rxd3 15. Rxd3 Bxd3 16. Qxd3 Qe6 17. Rd1 Rd8 18. Nd5 h5 19. Nec3 Kh7 20. Qe2 Na5 21.
b4 cxb4 22. axb4 Nc6 23. b5 Na5 24. Nxf6+ Bxf6 25. Ne4 Rxd1+ 26. Qxd1 Nxc4 27. Bc1 Be7 28. Qd3 f5 29. Nc3 Nb6 30. e4 Bc5+ 31. Kh1 f4 32. Qd8 Qc4 33. Ne2 Qxe2 34. Qc7+ Kh6 35. Bxf4+ exf4 36. Qxf4+ Kg7 37. Qe5+ Kf7 38. Qc7+ Be7 39. Qf4+ Ke6 40. h3 Qe1+ 41. Kh2 Bd6 0-1